 Dungeon Crawl Stone Soup version 0.30-a0-953-g5f1da4a474 (webtiles) character file.

Game seed: 7684430116158416670

110185 bande the Severer (level 16, -8/105 HPs)
             Began as a Gargoyle Fighter on Mar 28, 2023.
             Was the Champion of Okawaru.
             Mangled by Frances
             ... wielding a +0 halberd
              (12 damage)
             ... on level 1 of the Shoals on Mar 29, 2023.
             The game lasted 00:50:35 (30922 turns).

bande the Severer (Gargoyle Fighter)               Turns: 30922, Time: 00:50:36

Health: -8/105     AC: 41    Str: 27    XL:     16   Next: 54%
Magic:  0/21       EV:  5    Int:  8    God:    Okawaru [******]
Gold:   1569       SH:  6    Dex: 15    Spells: 14/15 levels left

rFire   . . .      SeeInvis +    T - +11 war axe of Dishonesty {elec, SInv}
rCold   . . .      Faith    .    c - +0 buckler
rNeg    + . .      Spirit   +    e - +0 crystal plate armour
rPois   ∞          Reflect  .    g - +0 helmet
rElec   +          Rampage  +    b - +2 cloak of Eternal Vigilance {Contam Will+ rCorr}
rCorr   +                        x - +2 pair of gloves of the Blind Marksman {*Corrode Will+ Str+4}
Will    +++..                    S - +1 pair of boots {rampage} Stlth
                                 m - amulet of guardian spirit
HPRegen 0.37/turn                j - +4 ring of protection
MPRegen 0.17/turn                I - ring of see invisible

@: corroded, flying
A: sickness immunity, AC +12, big wings, negative energy resistance 1,
electricity resistance, torment resistance 1, petrification resistance
a: Renounce Religion, Heroism, Finesse, Duel


You were on level 1 of the Shoals.
You worshipped Okawaru.
Okawaru was exalted by your worship.
You visited 5 branches of the dungeon, and saw 24 of its levels.
You visited 1 bazaar.
You also visited: Sewer.

You collected 2182 gold pieces.
You spent 613 gold pieces at shops.

Inventory:

Hand Weapons
 v - a +5 broad axe of freezing
 L - a +8 war axe
 R - a +0 scimitar of flaming
 T - the +11 war axe of Dishonesty (weapon) {elec, SInv}
   (You bought it in a shop in a bazaar)

   SInv:      It lets you see invisible.
 V - a +4 executioner's axe of venom
Missiles
 B - 2 throwing nets (quivered)
Armour
 b - the +2 cloak of Eternal Vigilance (worn) {Contam Will+ rCorr}
   (You acquired it on level 1 of the Shoals)

   Contam:    It causes magical contamination when unequipped.
   rCorr:     It protects you from acid and corrosion.
   Will:      It increases your willpower.
 c - a +0 buckler (worn)
 e - a +0 crystal plate armour (worn)
 g - a +0 helmet (worn)
 x - the +2 pair of gloves of the Blind Marksman (worn) {*Corrode Will+ Str+4}
   (Okawaru gifted it to you on level 10 of the Dungeon)

   Str:       It affects your strength (+4).
   *Corrode:  It may corrode you when you take damage.
   Will:      It increases your willpower.
 A - a +1 cloak
 H - the +1 scale mail "Misoqimi" {rF++}
   (You found it on level 5 of the Lair of Beasts)

   rF:        It greatly protects you from fire.
 J - the +0 ice dragon scales of Daram {rF- rC++ Str+6 Dex+3}
   (Okawaru gifted it to you on level 5 of the Lair of Beasts)

   Str:       It affects your strength (+6).
   Dex:       It affects your dexterity (+3).
   rF:        It makes you vulnerable to fire.
   rC:        It greatly protects you from cold.
 M - the scarf of Wocy {repulsion, *Slow rC- Regen+ Dex+8}
   (Okawaru gifted it to you on level 12 of the Dungeon)

   Dex:       It affects your dexterity (+8).
   rC:        It makes you vulnerable to cold.
   Regen:     It increases your rate of health regeneration.
   *Slow:     It may slow you when you take damage.
 S - a +1 pair of boots of rampaging (worn)
 W - the +0 pair of boots of the Unseen Realm {rF+ rCorr}
   (Okawaru gifted it to you on level 1 of the Shoals)

   rF:        It protects you from fire.
   rCorr:     It protects you from acid and corrosion.
Jewellery
 h - an amulet of regeneration
 j - a +4 ring of protection (left hand)
 m - an amulet of guardian spirit (around neck)
 I - a ring of see invisible (right hand)
 Q - a ring of protection from fire
 U - a ring of willpower
 X - a +5 ring of evasion
Wands
 o - a wand of paralysis (29)
 q - a wand of flame (62)
 w - a wand of light (10)
 y - a wand of polymorph (11)
 N - a wand of digging (1)
 O - a wand of mindburst (7)
Scrolls
 a - a scroll of enchant armour
 i - 15 scrolls of identify
 k - 3 scrolls of fear
 r - 4 scrolls of enchant weapon
 s - 10 scrolls of teleportation
 z - 2 scrolls of poison
 D - a scroll of magic mapping
 G - 3 scrolls of amnesia
 P - a scroll of blinking
Potions
 d - 5 potions of flight
 f - 5 potions of berserk rage
 l - 4 potions of haste
 n - 2 potions of resistance
 t - 7 potions of curing
 u - 4 potions of cancellation
 C - 5 potions of might
 E - 3 potions of brilliance
 F - a potion of magic
 Y - a potion of mutation {unknown}
Miscellaneous
 K - a phial of floods


   Skills:
 + Level 13.7 Fighting
 + Level 1.1 Long Blades
 + Level 16.6 Axes
 + Level 13.2 Armour
 + Level 1.4 Stealth
 + Level 9.2 Shields
 * Level 9.2 Translocations
 - Level 7.4 Invocations
 - Level 7.0 Evocations


You had 14 spell levels left.
You knew the following spells:

 Your Spells              Type           Power      Damage    Failure   Level
a - Apportation           Tloc           28%        N/A       30%         1

Your spell library contained the following spells:

 Spells                   Type           Power      Damage    Failure   Level
 Gell's Gravitas          Tloc           14%        N/A       65%         3
 Teleport Other           Tloc           14%        N/A       65%         3
 Magic Dart               Conj           0%         1d3       100%        1
 Necrotise                Necr           0%         1d4       100%        1
 Sting                    Tmut/Pois      0%         1d3       100%        1
 Poisonous Vapours        Pois/Air       0%         N/A       100%        2
 Mephitic Cloud           Conj/Pois/Air  0%         N/A       100%        3
 Stone Arrow              Conj/Erth      0%         3d7       100%        3
 Olgreb's Toxic Radiance  Pois           0%         N/A       100%        4
 Freezing Cloud           Conj/Ice/Air   0%         6-21      100%        5
 Dispersal                Tloc           7%         N/A       100%        6
 Ozocubu's Refrigeration  Ice            0%         4d7       100%        7
 Ignition                 Fire           0%         3d3       100%        8
 Lehudib's Crystal Spear  Conj/Erth      0%         10d2      100%        8
 Polar Vortex             Ice            0%         N/A       100%        9
 Summon Small Mammal      Summ           Unusable   N/A       N/A         1
 Call Imp                 Summ           Unusable   N/A       N/A         2
 Animate Armour           Summ/Erth      Unusable   N/A       N/A         4
 Simulacrum               Ice/Necr       Unusable   N/A       N/A         6

Dungeon Overview and Level Annotations

Branches:
Dungeon (15/15)            Temple (1/1) D:5            Lair (5/5) D:10
 Shoals (1/4) Lair:2       Spider (0/4) Lair:3        Slime (0/5) Lair:4
    Orc (2/2) D:11            Elf (0/3) Orc:2        Vaults (0/5) D:13
 Depths (0/4) D:15          Sewer (visited)

Altars:
Ashenzari
Cheibriados
Dithmenos
Elyvilon
Fedhas
Gozag
Hepliaklqana
Kikubaaqudgha
Makhleb
Nemelex Xobeh
Okawaru
Qazlal
Ru
Sif Muna
Trog
Uskayaw
Vehumet
Wu Jian
Yredelemnul
Zin
The Shining One

Shops:
D:2 ?(*   D:7 (   D:10 (   Orc:1 (   Orc:2 ??(=:

Annotations:
D:11 exclusion: ice statue
Lair:4 1 runed translucent door
Shoals:1 Frances


Innate Abilities, Weirdness & Mutations

You are immune to sickness and miasma.
Your stone body is resilient. (AC +12)
You are immune to poison.
Your large and strong wings let you fly.
You resist negative energy. (rN+)
You are resistant to electric shocks. (rElec)
You are resistant to unholy torment.
You are immune to petrification.


Message History

The smoke demon hits you but does no damage.
You block the smoke demon's attack.
The smoke demon hits you but does no damage.
The orange demon stings you but does no damage.
Frances hits you from afar with a +0 halberd.
* * * LOW HITPOINT WARNING * * *
You hit the smoke demon but do no damage.
Lightning courses through the smoke demon!!
You kill the smoke demon!
The smoke demon disappears in a puff of smoke!
Frances is no longer moving quickly.
You block the orange demon's attack. You block Frances's attack.
Unknown command.
You rampage towards Frances!
The orange demon stings you but does no damage.
The orange demon barely misses you.
You slash Frances!
Frances is heavily wounded.
You slash the orange demon!
Lightning courses through the orange demon!
The orange demon stings you but does no damage.
The orange demon completely misses you. Frances hits you but does no damage.
You hit Frances.
Frances is heavily wounded.
You slash the orange demon!
The orange demon stings you but does no damage.
The orange demon hits you but does no damage.
You slice Frances!! Lightning courses through Frances!
Frances is severely wounded.
You hit the orange demon.
The orange demon stings you but does no damage.
The orange demon hits you but does no damage.
Frances hits you with a +0 halberd!
* * * LOW HITPOINT WARNING * * *
The orange demon barely misses you.
The orange demon hits you but does no damage.
You slash Frances!
Frances is severely wounded.
You hit the orange demon. Frances hits you with a +0 halberd!
You die...

≈≈≈~ #.~~ ≈≈≈≈~~.
##..~~~~≈~~ ≈≈≈≈~~.
##...≈≈~~~~~~~~.. ≈≈≈~~..
#..≈≈≈≈≈~~~~~~~~. ≈≈≈~~..
#.≈≈≈≈≈≈~~~~≈≈~~~
≈≈≈~~..####.≈≈≈≈≈≈~~~~≈≈~~.
≈≈≈~~~..##..≈≈≈≈≈≈~~~~≈≈~~~
≈≈≈≈~P.)44@~~≈≈≈≈≈~~~≈≈~~~~
≈≈≈≈~~~~≈≈@≈.~≈≈≈≈~~~≈≈~~~~
≈≈≈≈~~..≈≈≈~~≈≈≈≈≈≈≈≈≈≈~~~≈
≈≈≈≈~~.~~≈≈≈≈≈P~≈~~≈≈≈≈≈≈≈≈
≈≈≈~~~~~~~~~~~~~~~~~≈≈≈≈≈≈≈
≈≈≈~~~....~..~P~~~~~~≈≈≈≈≈≈
≈≈≈~~......P~~.....~~≈≈≈≈≈≈
≈≈≈~~...##.~~..##...≈≈≈≈≈≈≈
≈≈§~~..###PP...##...≈≈≈≈≈≈≈
≈≈~~.. #....##P...~≈≈≈≈≈≈


You could see Frances, an orange demon (summoned, fast) and a rust devil
(summoned).

Vanquished Creatures
  Azrael (D:15)
  A quicksilver dragon zombie (D:15)
  Josephine (D:12)
  3 hydras
  Erolcha (D:12)
  8 vault guards
  A quicksilver dragon skeleton (D:15)
  2 ogre magi
  4 catoblepae
  15 two-headed ogres
  A death knight (D:15)
  3 centaur warriors
  5 boulder beetles
  A vampire mage (D:15)
  5 death yaks (Lair:5)
  3 tengu warriors
  An orc high priest (Orc:1)
  Urug (D:10)
  Sonja (Lair:5)
  A storm dragon zombie (D:15)
  4 skysharks
  Nergalle (D:12)
  3 skeletal warriors
  A titan skeleton (D:15)
  5 sea snakes (Shoals:1)
  2 deep trolls (Orc:1)
  2 phantasmal warriors (D:15)
  An orc knight (D:14)
  2 lindwurms (Lair:3)
  11 ugly things
  A necromancer (D:15)
  A deep elf pyromancer (D:15)
  A cyclops (shapeshifter) (D:14)
  5 manticores
  4 cyclopes
  3 orc sorcerers
  3 fauns (Shoals:1)
  5 black mambas
  7 merfolk sirens
  12 elephants
  11 cane toads
  A gargoyle (D:12)
  An efreet (D:13)
  3 unseen horrors
  9 komodo dragons
  Psyche (D:9)
  8 rime drakes
  3 freezing wraiths (D:14)
  7 kobold demonologists (D:12)
  A tengu conjurer (D:15)
  4 yaktaurs (D:14)
  6 polar bears
  3 meliai (D:15)
  12 trolls
  A tarantella (shapeshifter) (D:12)
  Grinder (D:5)
  3 blink frogs (Lair:5)
  3 wind drakes (Shoals:1)
  2 hornets
  Sigmund (D:2)
  19 slime creatures (D:13)
  A vampire (D:10)
  A shadow (D:8)
  65 yaks
  6 fire elementals
  3 wyverns
  6 wraiths (D:12)
  Eustachio (D:6)
  A two-headed ogre zombie (D:11)
  4 steam dragons
  Edmund (D:5)
  An acid dragon (D:11)
  7 water moccasins
  5 black bears
  16 orc warriors
  2 hell hounds
  2 sky beasts
  6 ice beasts
  20 ogres
  6 wolves
  4 centaurs
  2 phantoms
  6 kobold brigands
  9 bullfrogs
  9 scorpions
  6 wights
  A troll zombie (D:11)
  8 killer bees
  4 howler monkeys
  4 electric eels
  4 lava snakes
  3 jellies
  A gnoll bouda (D:7)
  5 hounds
  12 orc priests
  Jessica (D:2)
  4 iguanas (D:6)
  4 hell rats (Lair:3)
  32 orc wizards
  6 ogre zombies (D:11)
  24 gnolls
  3 river rats
  8 adders
  A shadow imp (D:6)
  An ufetubus (D:6)
  2 worms
  2 dart slugs
  47 orcs
  13 endoplasms
  5 giant cockroaches
  5 goblins
  3 hobgoblins
  22 kobolds
  5 quokkas
  15 ball pythons
  4 bats
  11 frilled lizards
  3 goblin skeletons (D:11)
  3 goblin zombies (D:11)
  3 hobgoblin zombies (D:11)
  2 orc skeletons (D:11)
  14 orc zombies (D:11)
  17 rats
725 creatures vanquished.

Vanquished Creatures (others)
  An orc wizard (Orc:1)
  A hell rat (Lair:3)
  An orc (Orc:1)
  11 fungi
  28 plants
  6 withered plants (D:15)
48 creatures vanquished.

Grand Total: 773 creatures vanquished

Notes
Turn   | Place    | Note
-------+----------+-------------------------------------------
     0 | D:1      | bande the Gargoyle Fighter began the quest for the Orb.
     0 | D:1      | Reached XP level 1. HP: 14/14 MP: 1/1
   111 | D:1      | Reached skill level 2 in Axes
   111 | D:1      | Reached XP level 2. HP: 19/19 MP: 2/2
   781 | D:1      | Found a faded altar of an unknown god.
   938 | D:2      | Reached XP level 3. HP: 23/23 MP: 3/3
   952 | D:2      | Reached skill level 3 in Axes
   952 | D:2      | Reached XP level 4. HP: 8/29 MP: 4/4
  1041 | D:2      | Identified the +6 mace of Min Ehiet {heavy, SInv}
  1071 | D:2      | Found Laijam's Magic Scroll Emporium.
  1173 | D:2      | Noticed Jessica
  1186 | D:2      | Killed Jessica
  1290 | D:2      | Identified the +5 dagger of Triumph {flame, *Rage rC+ Int-5
                  | Dex+8}
  1387 | D:2      | Reached XP level 5. HP: 11/33 MP: 5/5
  1520 | D:2      | Noticed Sigmund
  1579 | D:2      | Killed Sigmund
  1580 | D:2      | Reached skill level 4 in Axes
  1580 | D:2      | Reached XP level 6. HP: 30/38 MP: 6/6
  1734 | D:2      | Found Wirienoesy's General Store.
  1742 | D:2      | Bought a potion of heal wounds for 50 gold pieces
  1841 | D:2      | Found Joygub's Antique Weapon Shoppe.
  2203 | D:3      | Found an opulent altar of Gozag.
  2598 | D:4      | Reached skill level 5 in Axes
  2620 | D:4      | Reached XP level 7. HP: 14/44 MP: 1/7
  2883 | D:4      | Identified the +3 robe of the Blacksmith {Rampage Drain
                  | rN++ Dex+3}
  2935 | D:4      | Reached skill level 5 in Armour
  3189 | D:4      | Reached skill level 1 in Evocations
  3327 | D:4      | Identified the +2 robe of Compression {Will- Slay+5}
  3602 | D:4      | Reached skill level 6 in Axes
  3643 | D:5      | Entered Level 5 of the Dungeon
  3671 | D:5      | Reached XP level 8. HP: 43/48 MP: 6/8
  3771 | D:5      | Reached skill level 5 in Fighting
  4355 | D:5      | Found a staircase to the Ecumenical Temple.
  4367 | Temple   | Entered the Ecumenical Temple
  4398 | Temple   | Became a worshipper of Warmaster Okawaru
  4556 | D:5      | Noticed Grinder
  4602 | D:5      | Killed Grinder
  4602 | D:5      | Reached * piety under Okawaru
  4603 | D:5      | Reached skill level 7 in Axes
  4603 | D:5      | Reached skill level 1 in Invocations
  4603 | D:5      | Reached XP level 9. HP: 23/54 MP: 2/10
  4928 | D:5      | Noticed Edmund
  4955 | D:5      | Killed Edmund
  5702 | D:6      | Noticed Eustachio
  5733 | D:6      | Reached ** piety under Okawaru
  5752 | D:6      | Killed Eustachio
  5753 | D:6      | Reached skill level 5 in Shields
  6016 | D:6      | Found a glowing drain.
  6037 | Sewer    | Entered a sewer
  6125 | Sewer    | Reached skill level 8 in Axes
  6916 | D:7      | Found Fienipom's Antique Weapon Shoppe.
  6949 | D:7      | Reached XP level 10. HP: 44/61 MP: 8/12
  7007 | D:7      | Bought a glowing broad axe for 147 gold pieces
  7240 | D:7      | Reached *** piety under Okawaru
  7318 | D:7      | Found a sacrificial altar of Ru.
  7443 | D:7      | Identified the +11 long sword of the Hammering Gods {vamp,
                  | rElec rF+}
  7677 | D:8      | Found an ancient bone altar of Kikubaaqudgha.
  7766 | D:8      | Found a radiant altar of Vehumet.
  7948 | D:8      | Reached skill level 5 in Evocations
  7996 | D:8      | Reached skill level 9 in Axes
  8023 | D:8      | Found an ancient bone altar of Kikubaaqudgha.
  8340 | D:9      | Found a burning altar of Makhleb.
  8394 | D:9      | Noticed a two-headed ogre
  8401 | D:9      | Killed a two-headed ogre
  8401 | D:9      | Reached **** piety under Okawaru
  8443 | D:9      | Identified the +8 great sword "Pumnonn" {pain, MP-9 Str+5}
  8453 | D:9      | Reached skill level 5 in Invocations
  8643 | D:9      | Noticed Psyche
  8659 | D:9      | Killed Psyche
  8720 | D:9      | Identified the +2 leather armour of the Vacuum {rN+ rCorr
                  | Int+3}
  9102 | D:9      | Reached XP level 11. HP: 64/67 MP: 13/15
  9108 | D:9      | Reached ***** piety under Okawaru
  9109 | D:9      | Reached skill level 10 in Axes
  9323 | D:10     | Entered Level 10 of the Dungeon
  9426 | D:10     | Found a glowing silver altar of Zin.
  9454 | D:10     | Found a staircase to the Lair.
  9470 | D:10     | HP: 3/68 [polar bear (15)]
  9920 | D:10     | Found Catyhiru's Antique Weapon Shoppe.
 10264 | D:10     | Noticed Urug
 10273 | D:10     | Killed Urug
 10273 | D:10     | Identified the +2 pair of gloves of the Blind Marksman
                  | {*Corrode Will+ Str+4} (Okawaru gifted it to you on level
                  | 10 of the Dungeon)
 10273 | D:10     | Received a gift from Okawaru
 10411 | D:10     | Noticed a two-headed ogre
 10419 | D:10     | Noticed a two-headed ogre
 10423 | D:10     | Killed a two-headed ogre
 10428 | D:10     | Killed a two-headed ogre
 10527 | D:10     | Found a bloodstained altar of Trog.
 10783 | Lair:1   | Entered Level 1 of the Lair of Beasts
 10900 | Lair:1   | Noticed a boulder beetle
 10913 | Lair:1   | Killed a boulder beetle
 11057 | Lair:1   | Reached skill level 11 in Axes
 11131 | Lair:1   | Reached XP level 12. HP: 27/73 MP: 6/17
 11927 | Lair:2   | Learned a level 1 spell: Apportation
 12074 | Lair:2   | Noticed a skyshark
 12089 | Lair:2   | Killed a skyshark
 12089 | Lair:2   | Received a gift from Okawaru
 12090 | Lair:2   | Reached skill level 1 in Translocations
 12503 | Lair:2   | Found a staircase to the Shoals.
 12814 | Lair:3   | Found a hole to the Spider Nest.
 12917 | Lair:3   | Reached skill level 12 in Axes
 12918 | Lair:3   | Noticed a four-headed hydra
 12940 | Lair:3   | Killed a four-headed hydra
 13042 | Lair:3   | Reached ****** piety under Okawaru
 13062 | Lair:3   | Received a gift from Okawaru
 13177 | Lair:3   | Noticed a catoblepas
 13196 | Lair:3   | Killed a catoblepas
 13328 | Lair:3   | Reached XP level 13. HP: 69/80 MP: 14/18
 13919 | Lair:4   | Reached skill level 10 in Armour
 14094 | Lair:4   | Reached skill level 13 in Axes
 14094 | Lair:4   | Received a gift from Okawaru
 14244 | Lair:4   | Found a runed translucent door.
 14245 | Lair:4   | Noticed an acid blob
 14245 | Lair:4   | Noticed an acid blob
 14248 | Lair:4   | Found a staircase to the Slime Pits.
 14704 | Lair:5   | Entered Level 5 of the Lair of Beasts
 15037 | Lair:5   | Received a gift from Okawaru
 15088 | Lair:5   | Identified the +1 scale mail "Misoqimi" {rF++}
 15412 | Lair:5   | Noticed Sonja
 15427 | Lair:5   | Killed Sonja
 15472 | Lair:5   | Reached skill level 10 in Fighting
 15521 | Lair:5   | Identified the +0 ice dragon scales of Daram {rF- rC++
                  | Str+6 Dex+3} (Okawaru gifted it to you on level 5 of the
                  | Lair of Beasts)
 15521 | Lair:5   | Received a gift from Okawaru
 15522 | Lair:5   | Reached skill level 5 in Translocations
 15861 | Lair:5   | Reached skill level 14 in Axes
 15951 | Lair:5   | Gained mutation: Your large and strong wings let you fly.
                  | [Gargoyle growth]
 15951 | Lair:5   | Reached XP level 14. HP: 84/88 MP: 17/19
 15958 | Lair:5   | Reached skill level 1 in Stealth
 16894 | D:11     | Found a staircase to the Orcish Mines.
 17905 | D:11     | Received a gift from Okawaru
 18556 | D:11     | You are sucked into a shaft and drop 3 floors!
 19609 | D:12     | Identified the scarf of Wocy {repulsion, *Slow rC- Regen+
                  | Dex+8} (Okawaru gifted it to you on level 12 of the
                  | Dungeon)
 19609 | D:12     | Received a gift from Okawaru
 19626 | D:12     | Noticed Josephine
 19633 | D:12     | Killed Josephine
 19634 | D:12     | Reached skill level 15 in Axes
 20128 | D:12     | Noticed Nergalle
 20140 | D:12     | Killed Nergalle
 20565 | D:12     | Noticed Erolcha
 20571 | D:12     | Killed Erolcha
 21204 | D:13     | Found a gate to the Vaults.
 21229 | D:13     | Reached XP level 15. HP: 93/96 MP: 18/20
 22171 | D:13     | Identified the +0 pair of gloves "Ehilyiva" {Contam Rampage
                  | +Blink Dex+4}
 23323 | D:14     | Received a gift from Okawaru
 24833 | D:15     | Entered Level 15 of the Dungeon
 24909 | D:15     | Found a flickering gateway to a bazaar.
 24936 | Bazaar   | Entered a bazaar
 25029 | Bazaar   | Found Wyxann Zuuv's Antique Weapon Shoppe.
 25060 | Bazaar   | Found Zojinuch's Antique Weapon Shop.
 25096 | Bazaar   | Found Fereafou's Antique Armour Emporium.
 25114 | Bazaar   | Found Cetargh's Assorted Antiques.
 25119 | Bazaar   | Bought a pair of runed boots for 195 gold pieces
 25119 | Bazaar   | Bought a polished war axe for 221 gold pieces
 25119 | Bazaar   | Identified the +11 war axe of Dishonesty {elec, SInv} (You
                  | bought it in a shop in a bazaar)
 25241 | D:15     | Reached skill level 16 in Axes
 25299 | D:15     | Found a staircase to the Depths.
 25316 | D:15     | Received a gift from Okawaru
 25615 | D:15     | Noticed Azrael
 26757 | D:15     | Killed Azrael
 27265 | Orc:1    | Entered Level 1 of the Orcish Mines
 27709 | D:11     | Reached skill level 1 in Long Blades
 27885 | Orc:1    | Received a gift from Okawaru
 27905 | Orc:1    | Found Suq Nuij's Weapon Shop.
 28059 | Orc:2    | Entered Level 2 of the Orcish Mines
 28059 | Orc:2    | Found Woywanu's Jewellery Shop.
 28081 | Orc:1    | Reached XP level 16. HP: 103/103 MP: 21/21
 29462 | Orc:2    | Found Orghugol's Book Emporium.
 29468 | Orc:2    | Found Ascheumpi's Magic Scroll Boutique.
 29470 | Orc:2    | Found Kyvyus's Magic Scroll Shop.
 29641 | Orc:2    | Found Onips's Antique Weapon Shop.
 29812 | Orc:2    | Found a staircase to the Elven Halls.
 30487 | Shoals:1 | Entered Level 1 of the Shoals
 30491 | Shoals:1 | Identified the +0 pair of boots of the Unseen Realm {rF+
                  | rCorr} (Okawaru gifted it to you on level 1 of the Shoals)
 30491 | Shoals:1 | Received a gift from Okawaru
 30764 | Shoals:1 | Identified a scroll of acquirement
 30764 | Shoals:1 | Acquired the +2 cloak of Eternal Vigilance {Contam Will+
                  | rCorr}
 30861 | Shoals:1 | Noticed Frances
 30921 | Shoals:1 | HP: 4/105 [Frances/+0 halberd (10)]
 30922 | Shoals:1 | Mangled by Frances

Illustrated notes

Levels and vault maps discovered:
D:1:      dpeg_arrival_tiny_g, layout_loops_ring,
          shapermc_ecumenical_altar_mp_vishouse, minmay_pentomino_q2
D:2:      minmay_wonky_spiral, layout_basic, serial_shops,
          nicolae_shop_waterfront, shop, shop, uniq_jessica, uniq_sigmund
D:3:      layout_rooms, grunt_gozag_breadcrumbs, kennysheep_generic_room_13
D:4:      minmay_door_path, layout_basic
D:5:      layout_basic, minmay_temple_entry_glass, serial_glass,
          glass_columns_b, glass_columns_a, glass_columns_a, glass_columns_a,
          uniq_edmund, uniq_grinder
D:6:      layout_loops_ring, portal_sewer_entry_a, uniq_eustachio
D:7:      layout_cave_pools, mainiacjoe_overflow_alcove_2, serial_shops,
          nicolae_stop_n_shop_1, serial_park_tiny_1, kennysheep_path_1
D:8:      layout_loops_ring, mainiacjoe_overflow_24_doors,
          kiku_gazebo_garden_becter, kennysheep_small_circle
D:9:      layout_cave_pods, mainiacjoe_overflow_concentric_impassable,
          uniq_psyche
D:10:     layout_basic, mainiacjoe_overflow_catch_the_wave,
          hellmonk_lair_entry_icy, serial_shops, shop, uniq_urug
D:11:     layout_loops_corners, zombieorc2_lemuel, minivault_16
D:12:     layout_stronghold, uniq_nergalle, uniq_erolcha, uniq_josephine
D:13:     layout_irregular_city, erik_vaults_2
D:14:     layout_basic, bh_walls_and_bars
D:15:     gammafunk_depths_entry_grave, layout_loops_ring, serial_shops,
          bzr_entry_customers, abandoned_shop, nzn_life_drinkers, uniq_azrael
Temple:   hellmonk_temple_of_storms
Lair:1:   layout_chaotic_city, beast_lair_carwin_10
Lair:2:   layout_hall_layers, minmay_shoals_entry_lonely_mermaid,
          infiniplex_staircase_pool_2, grunt_megastairs_2
Lair:3:   layout_gridlike, nicolae_spider_entry_non_spiders, grunt_megastairs_3,
          infiniplex_staircase_pool
Lair:4:   layout_regular_city, slime_entry_2
Lair:5:   evilmike_catoblepas_cave, layout_loops_ring,
          nicolae_lair_liquid_snakes, uniq_sonja
Shoals:1: argonaut_golden_fleece, layout_shoals, nicolae_shoals_drake_roost,
          uniq_louise, uniq_aizul, uniq_frances
Orc:1:    layout_caves, serial_shops, nicolae_shop_bloodbath_and_beyond
Orc:2:    st_orc_open, layout_caves, serial_shops, shop

Skill      XL: |  1  2  3  4  5  6  7  8  9 10 11 12 13 14 15 16 |
---------------+-------------------------------------------------+-----
Axes           | 2 3 4 5 6 7 8 9 11 12 14 15 16 | 16.6
Fighting       | 4 5 6 7 8 9 10 11 12 13 | 13.7
Armour         | 4 5 6 7 8 9 10 11 12 13 | 13.2
Shields        | 4 5 6 7 8 9 |  9.2
Evocations     | 1 3 4 5 6 7 |  7.0
Invocations    | 1 3 5 7 |  7.4
Translocations | 3 5 7 8 9 |  9.2
Stealth        | 1 |  1.4
Long Blades    | 1 |  1.1

Action                     |  1- 3 |  4- 6 |  7- 9 | 10-12 | 13-15 | 16-18 || total
---------------------------+-------+-------+-------+-------+-------+-------++-------
  Melee: War axe           |    65 |   167 |   408 |     5 |   760 |   233 ||  1638
         Broad axe         |       |       |       |   454 |   409 |       ||   863
         Mace              |       |       |       |     5 |       |       ||     5
         Scimitar          |       |       |       |       |    14 |       ||    14
    Use: Potion            |     1 |       |     1 |     1 |     1 |     3 ||     7
         Scroll            |       |     6 |    11 |     6 |     4 |     1 ||    28
   Stab: Petrified         |       |       |       |       |     3 |       ||     3
         Petrifying        |       |       |       |       |     2 |       ||     2
 Armour: Scale mail        |    22 |       |       |       |       |       ||    22
         Chain mail        |    23 |   112 |   149 |       |       |       ||   284
         Crystal plate arm |       |       |   318 |   540 |  1070 |   300 ||  2228
  Dodge: Dodged            |    28 |    47 |   139 |    99 |   243 |    71 ||   627
  Block: Buckler           |    14 |    31 |   123 |   131 |   309 |    92 ||   700

Table legend: (Time is in decaauts)
 A = Elapsed time spent in this place.
 B = Non-inter-level travel time spent in this place.
 C = Inter-level travel time spent in this place.
 D = Time resting spent in this place.
 E = Time spent auto-exploring this place.
 F = Levels seen in this place.
 G = Mean time per level.
                   A        B        C        D        E       F      G
               +--------+--------+--------+--------+--------+-----+--------+
         Total |  31019 |  29900 |   1119 |   8988 |  15404 |  26 | 1193.0 |
       Dungeon |  21173 |  20318 |    855 |   6581 |  10206 |  15 | 1411.5 |
        Temple |     72 |     72 |      0 |      0 |     12 |   1 |   72.0 |
          Lair |   6168 |   5956 |    212 |   1008 |   3791 |   5 | 1233.6 |
        Shoals |    402 |    402 |      0 |    161 |     72 |   1 |  402.0 |
  Orcish Mines |   2600 |   2548 |     52 |   1238 |    879 |   2 | 1300.0 |
        Bazaar |    210 |    210 |      0 |      0 |    176 |   1 |  210.0 |
         Sewer |    391 |    391 |      0 |      0 |    266 |   1 |  391.0 |
               +--------+--------+--------+--------+--------+-----+--------+

Top non-repeatable levels by time:
    D:14: 3325 daAuts
    D:10: 2203 daAuts
    D:11: 1978 daAuts
   Orc:1: 1972 daAuts
    D:12: 1936 daAuts
  Lair:5: 1824 daAuts
    D:13: 1507 daAuts
     D:4: 1481 daAuts
     D:5: 1401 daAuts
     D:2: 1279 daAuts
  Lair:1: 1210 daAuts
  Lair:3: 1175 daAuts
     D:6: 1169 daAuts
    D:15: 1107 daAuts
  Lair:4: 1081 daAuts
